 Dungeon Crawl Stone Soup version 0.22.1-1-ga44c0e56f4 (webtiles) character file.

258 Revguard the Covered (level 5, -6/41 HPs)
             Began as a Demonspawn Fighter on Oct 23, 2018.
             Mangled by an ogre
             ... wielding a +0 giant club
              (22 damage)
             ... on level 4 of the Dungeon on Oct 24, 2018.
             The game lasted 00:11:19 (3114 turns).

Revguard the Covered (Demonspawn Fighter)           Turns: 3114, Time: 00:11:19

Health: -6/41      AC: 10    Str: 18    XL:     5   Next: 94%
Magic:  0/5        EV:  7    Int:  9    God:
Gold:   79         SH:  9    Dex: 12    Spells: 4/4 levels left

rFire    . . .     SeeInvis .   a - +0 long sword
rCold    . . .     Gourm    .   c - +0 shield
rNeg     . . .     Faith    .   b - +0 scale mail
rPois    .         Spirit   +   (no helmet)
rElec    .         Reflect  .   (no cloak)
rCorr    .         Harm     .   (no gloves)
MR       .....                  m - +0 pair of boots (curse)
Stlth    ..........             o - amulet of magic regeneration
HPRegen  0.13/turn              (no ring)
MPRegen  0.43/turn              (no ring)

@: no status effects
A: thin metallic scales 1, magic shield, magic regeneration
a: no special abilities


You were on level 4 of the Dungeon.
You were not hungry.

You visited 1 branch of the dungeon, and saw 4 of its levels.

You collected 79 gold pieces.

Inventory:

Hand Weapons
 a - a +0 long sword (weapon)
Armour
 b - a +0 scale mail (worn)
 c - a +0 shield (worn)
 m - a cursed +0 pair of boots (worn)
Jewellery
 o - an amulet of magic regeneration (around neck)
Scrolls
 e - 2 scrolls of amnesia {unknown}
 g - a scroll of fog {unknown}
 h - 7 scrolls of identify {unknown}
 k - 2 scrolls of immolation {unknown}
 n - a scroll of teleportation {unknown}
 r - a scroll of magic mapping {unknown}
 s - a scroll of enchant weapon {unknown}
Potions
 d - a potion of might
 i - a potion of lignification {unknown}
 j - 2 potions of heal wounds {unknown}
 l - a potion of haste {unknown}
 p - 2 potions of curing {unknown}
 q - a potion of brilliance {unknown}
 t - a potion of berserk rage {unknown}
Comestibles
 f - 3 rations


   Skills:
 + Level 3.5 Fighting
 + Level 3.5 Long Blades
 * Level 4.2 Armour
 + Level 3.6 Shields


You had 4 spell levels left.
You didn't know any spells.
Your spell library was empty.

Dungeon Overview and Level Annotations

Branches:
Dungeon (4/15)
 Temple: D:4-7

Altars:
Fedhas
Gozag
Vehumet
Zin


Innate Abilities, Weirdness & Mutations

You are partially covered in thin metallic scales. (AC +2)
When hurt, damage is shared between your health and your magic reserves.
You regenerate magic rapidly.


Message History

You hit the ogre.
The ogre is lightly wounded.
The ogre hits you with a giant club!
You hit the ogre.
The ogre is lightly wounded.
The ogre hits you with a giant club.
You hit the ogre but do no damage.
The ogre is lightly wounded.
The ogre hits you with a giant club!
You hit the ogre.
The ogre is moderately wounded.
The ogre closely misses you.
You hit the ogre but do no damage.
The ogre is moderately wounded.
The ogre hits you with a giant club!
Your shield and scale mail prevent you from hitting the ogre.
The ogre is moderately wounded.
The ogre hits you with a giant club!!
Ouch! That really hurt!
You die...

##..#......#######.###.##
#..##...#....[.....#
...............>####
..###...............
........###.########
#.####..# #.# #.# #..#
#.# #.##
#..###.########## #..#
#..........@O...#
##.####.###.########.#
........# #.#
##........#.#
##.......#.# #.......#.#
#..######.# ##.# #.# #..
#.#


You could see an ogre.

Vanquished Creatures
  An orc priest (D:4)
  An orc wizard (D:4)
  A worker ant (D:4)
  3 gnolls (D:2)
  4 adders
  2 oozes (D:3)
  5 worms
  2 dart slugs
  2 leopard geckos (D:2)
  6 orcs
  2 bats
  2 giant cockroaches (D:3)
  7 goblins
  4 hobgoblins
  11 jackals
  2 quokkas
  2 ball pythons
  4 frilled lizards
  8 kobolds
  18 rats
87 creatures vanquished.

Notes
Turn   | Place    | Note
-------+----------+-------------------------------------------
     0 | D:1      | Revguard the Demonspawn Fighter began the quest for the
                  | Orb.
     0 | D:1      | Reached XP level 1. HP: 18/18 MP: 1/1
   262 | D:1      | Reached skill level 3 in Armour
   262 | D:1      | Gained mutation: You are partially covered in thin metallic
                  | scales. (AC +2) [demonic ancestry]
   262 | D:1      | Reached XP level 2. HP: 20/24 MP: 2/2
   722 | D:2      | Gained mutation: When hurt, damage is shared between your
                  | health and your magic reserves. [demonic ancestry]
   722 | D:2      | Reached XP level 3. HP: 9/29 MP: 3/3
  1332 | D:2      | Reached XP level 4. HP: 21/35 MP: 2/4
  1946 | D:3      | Found a glowing silver altar of Zin.
  2053 | D:3      | Gained mutation: You regenerate magic rapidly. [demonic
                  | ancestry]
  2053 | D:3      | Reached XP level 5. HP: 41/41 MP: 5/5
  2527 | D:4      | Reached skill level 4 in Armour
  2798 | D:4      | Found a blossoming altar of Fedhas.
  2798 | D:4      | Found an opulent altar of Gozag.
  2799 | D:4      | Found a radiant altar of Vehumet.
  3105 | D:4      | Noticed an ogre
  3114 | D:4      | Mangled by an ogre

Skill      XL: |  1  2  3  4  5 |
---------------+----------------+-----
Armour         | 3 4 |  4.2
Long Blades    | 2 3 |  3.5
Shields        | 3 |  3.6
Fighting       | |  3.5

Action                   |  1- 3 |  4- 6 || total
-------------------------+-------+-------++-------
Melee: Long sword        |   125 |   208 ||   333
  Eat: Chunk             |     2 |       ||     2
       Ration            |       |     2 ||     2
Armor: Scale mail        |    99 |   110 ||   209
Dodge: Dodged            |    36 |    52 ||    88
Block: Shield            |    75 |    99 ||   174
       Rpst.: Long sword |     9 |    17 ||    26
